 Dungeon Crawl Stone Soup version 0.20.0-15-g7f486f2 (webtiles) character file.

159 Gorglomux the Chopper (level 5, -5/46 HPs)
             Began as a Deep Dwarf Fighter on June 10, 2017.
             Slain by a gnoll
             ... wielding a +0 halberd
              (13 damage)
             ... on level 4 of the Dungeon.
             The game lasted 00:01:29 (753 turns).

Gorglomux the Chopper (Deep Dwarf Fighter)           Turns: 753, Time: 00:01:30

Health: -5/46      AC:  6    Str: 19    XL:     5   Next: 17%
Magic:  3/3        EV:  7    Int:  9    God:
Gold:   37         SH:  9    Dex: 13    Spells: 4/4 levels left

rFire    . . .     SeeInvis .   a - +0 war axe
rCold    . . .     Gourm    .   c - +0 shield
rNeg     . . .     Faith    .   b - +0 scale mail
rPois    .         Spirit   .   (no helmet)
rElec    .         Reflect  .   (no cloak)
rCorr    .         Harm     .   (no gloves)
MR       .....                  (no boots)
Stlth    ..........             (no amulet)
Regen    0.0/turn               (no ring)
MPRegen  0.1/turn               (no ring)

@: non-regenerating
A: damage resistance, heal wounds, sense surroundings 1, no regeneration
a: Heal Wounds


You were on level 4 of the Dungeon.
You were not hungry.

You visited 1 branch of the dungeon, and saw 4 of its levels.

You collected 37 gold pieces.

Inventory:

Hand Weapons
 a - a +0 war axe (weapon)
Armour
 b - a +0 scale mail (worn)
 c - a +0 shield (worn)
Wands
 D - a wand of digging (7/24)
Scrolls
 g - a scroll of amnesia {unknown}
 E - a scroll of remove curse {unknown}
 H - a scroll of fear {unknown}
Potions
 d - a potion of might
 i - a potion of curing {unknown}
 F - a potion of berserk rage {unknown}
 G - a potion of degeneration {unknown}
 I - 2 potions of resistance {unknown}
Comestibles
 f - 3 bread rations
 h - 3 fruits
 j - 10 chunks of flesh


   Skills:
 - Level 2.6 Fighting
 + Level 6.0 Axes
 - Level 3.2 Armour
 - Level 3.2 Shields


You had 4 spell levels left.
You didn't know any spells.

Dungeon Overview and Level Annotations

Branches:
Dungeon (4/15)
 Temple: D:4-7

Altars:

Portals:
Sewer: D:3


Innate Abilities, Weirdness & Mutations

You are resistant to damage.
You can heal yourself by infusing magical energy.
You passively map a small area around you.
You do not regenerate.


Message History

The gnoll is almost dead.
The gnoll hits you but does no damage. The gnoll hits you with a halberd!
* * * LOW HITPOINT WARNING * * *
You hit the gnoll.
The gnoll is almost dead.
You block the gnoll's attack. x2
The gnoll hits you from afar with a spear.
* * * LOW HITPOINT WARNING * * *
Some of the chunks of flesh in your inventory have rotted away.
You feel much better. The gnoll hits you with a halberd.
You block the gnoll's attack.
The gnoll hits you from afar with a halberd!
The gnoll hits you with a spear.
You closely miss the gnoll.
The gnoll hits you from afar with a halberd!
* * * LOW HITPOINT WARNING * * *
The gnoll closely misses you.
You closely miss the gnoll. The gnoll hits you but does no damage.
The gnoll hits you from afar with a halberd!
You die...

######.# ## ###
###....).# * ..
,.....#.####$# *,
#., ,#.#.#.#..))##
#. #>.#........ ##.
*#.#.......# , ..##
##........#*
*#g#####.#........*
###@)..#.###......#
#....g..## ##....##
#........## *###.#
#......<..# .#
#..[......# * #
#.........# * ,
#...$....## ,
#.....>$.# ** ,
#.##.....# ,,,


You could see 2 gnolls.

Vanquished Creatures
  An orc wizard (D:4)
  2 orc priests
  2 gnolls (D:4)
  An adder (D:3)
  A worm (D:3)
  2 dart slugs
  4 leopard geckos
  6 orcs
  A bat (D:3)
  3 giant cockroaches (D:3)
  2 goblins (D:1)
  A hobgoblin (D:3)
  A quokka (D:3)
  3 rats
30 creatures vanquished.

Notes
Turn   | Place    | Note
-------+----------+-------------------------------------------
     0 | D:1      | Gorglomux the Deep Dwarf Fighter began the quest for the Orb.
     0 | D:1      | Reached XP level 1. HP: 20/20 MP: 1/1
   505 | D:3      | Reached skill level 3 in Axes
   505 | D:3      | Reached XP level 2. HP: 25/27 MP: 2/2
   565 | D:3      | Found a glowing drain.
   590 | D:3      | Reached XP level 3. HP: 28/33 MP: 3/3
   614 | D:3      | Reached skill level 4 in Axes
   670 | D:3      | HP: 1/33 [worm (7)]
   673 | D:3      | Reached XP level 4. HP: 25/40 MP: 4/4
   710 | D:4      | Reached skill level 5 in Axes
   716 | D:4      | Reached XP level 5. HP: 27/46 MP: 4/4
   742 | D:4      | Reached skill level 6 in Axes
   753 | D:4      | Slain by a gnoll

Skill      XL: |  1  2  3  4  5 |
---------------+----------------+-----
Axes           | 3 4 5 6 |  6.0
Fighting       | |  2.6
Armour         | |  3.2
Shields        | |  3.2

Action                   |  1- 3 |  4- 6 || total
-------------------------+-------+-------++-------
Melee: War axe           |    70 |    36 ||   106
 Abil: Heal Wounds       |     2 |     4 ||     6
Armor: Scale mail        |    30 |    17 ||    47
Dodge: Dodged            |    32 |    17 ||    49
Block: Shield            |    52 |    32 ||    84
